 Dungeon Sprint DCSS version 0.28-a0-909-g796cbd3a86 (webtiles) character file.

Game seed: 10116821876993173056

1120 kae the Thaumaturge (level 8, -2/75 HPs)
             Began as a Purple Draconian Transmuter on Nov 24, 2021.
             Slain by Kirke (15 damage)
             ... in the Dungeon (Sprint II: "The Violet Keep of Menkaure").
             The game lasted 00:01:00 (673 turns).

kae the Thaumaturge (Purple Draconian Transmuter)    Turns: 673, Time: 00:01:01

Health: -2/75      AC:  0    Str: 12    XL:     8   Next: 12%
Magic:  20/20      EV: 16    Int: 17    God:
Gold:   729        SH:  0    Dex: 11    Spells: 16/24 levels left

rFire   . . .      SeeInvis .     - Unarmed
rCold   . . .      Faith    .   (shield currently unavailable)
rNeg    . . .      Spirit   .   (armour unavailable)
rPois   .          Reflect  .   (helmet currently unavailable)
rElec   .          Harm     .   (cloak currently unavailable)
rCorr   .          Rampage  .   (gloves currently unavailable)
Will    +....      NoTele   +   (boots currently unavailable)
Stlth   +.........              (no amulet)
HPRegen 0.22/turn               (ring currently unavailable)
MPRegen 0.17/turn               (ring currently unavailable)

@: pig-form, very quick
A: fast, no casting, (breathe power), AC +6, small, unfitting armour,
(cold-blooded)
a: no special abilities


You were in the Dungeon.
You were a filthy swine.
You visited 1 branch You collected 729 gold pieces.

Inventory:

Scrolls
 f - a scroll of blinking
Potions
 b - a potion of heal wounds
 c - a potion of haste
 d - 2 potions of magic


   Skills:
 + Level 8.5 Fighting
 + Level 7.1 Dodging
 + Level 8.3 Unarmed Combat
 + Level 8.6 Spellcasting
 + Level 7.7 Transmutations
 + Level 5.8 Ice Magic


You had 16 spell levels left.
You knew the following spells:

 Your Spells              Type           Power      Damage    Failure   Level
a - Beastly Appendage     Tmut           66%        N/A       1%          1
b - Spider Form           Tmut/Pois      20%        N/A       6%          3
c - Ice Form              Ice/Tmut       30%        N/A       6%          4

Your spell library contained the following spells:

 Spells                   Type           Power      Damage    Failure   Level
 Wereblood                Tmut           33%        N/A       1%          2


Dungeon Overview and Level Annotations

Branches:
Dungeon (1/1)

Altars:

Shops:
D *(?![[

Annotations:
D 1 exclusion, Kirke


Innate Abilities, Weirdness & Mutations

You are a filthy swine.
You move quickly.
Your equipment is almost entirely melded.
You are incapable of wielding weapons or throwing items.
You cannot cast spells.
((You can breathe bolts of dispelling energy.))
((Your rich purple scales are hard. (AC +6)))
You cannot fit into any form of body armour.
((You are cold-blooded and may be slowed by cold attacks.))


Message History

A yaktaur captain comes into view.
A centaur warrior comes into view.
Found Qifuy's Magic Scroll Boutique and Jabboles's Distillery.
The centaur warrior shouts!
You hear a shout!
The centaur warrior moves out of view.
An elephant comes into view.
Found Sacu Zabb's General Store and Lewo's Antique Weapon Shop.
The elephant trumpets!
The elephant moves out of view.
The kobold demonologist looks satisfied for a moment.
You open the door. Kirke gestures at you while chanting.
You warm up again.
You turn into a filthy swine.
There is an open door here.
You see here a wyvern skeleton.
There is an open door here.
As you close the door, it creaks loudly!
There is an open door here.
Things that are here:
a +0 spear; a merfolk corpse You close the door.
You open the door.
There is an open door here.
As you close the door, it creaks loudly!
As you open the door, it creaks loudly!
The yaktaur captain wields a +0 arbalest.
The yaktaur captain shoots a bolt.
The bolt hits you!!
There is an open door, spattered with blood here.
The centaur warrior wields a +0 longbow.
The centaur warrior shoots an arrow.
The arrow hits you!
The yaktaur captain shoots a bolt.
The bolt hits you!!
* * * LOW HITPOINT WARNING * * *
Kirke points at you and mumbles some strange words.
You struggle to resist.
You feel better.
The centaur warrior unwields a +0 longbow.
The centaur warrior misses you. x2; The yaktaur captain shoots a bolt.
The bolt closely misses you. Kirke hits you!
You die...

####≈≈≈c@...†...#
...#≈≈≈≈.##'##..#
..∩#≈≈≈≈##.#.##z####
.∩.#≈≈≈≈#÷###.#....#
∩.∩#≈≈####.#.####..##
.∩.#≈##.###+###.##..#
∩..#≈#...##.##c..#..#
...+≈ #.†.<.')#@'..###
#...##.##ch.#....###.
##.###+###.##.†....≈≈≈
## $#. ###≈≈.....≈#+
.B B. ≈≈≈§≈≈§..≈#. ##.
.##≈≈≈≈≈§≈≈.≈#. ##
##≈≈≈≈§§§≈≈§≈#.
≈≈≈≈≈≈≈≈§≈≈≈≈#.
#+++#≈≈≈≈≈≈≈§≈#.
##≈≈≈###§≈#


You could see Kirke, a yaktaur captain and a centaur warrior.

Vanquished Creatures
  A merfolk siren (D)
  2 wyverns (D)
  2 water moccasins (D)
  4 necrophages (D)
9 creatures vanquished.

Vanquished Creatures (others)
  Menkaure (D)
1 creature vanquished.

Grand Total: 10 creatures vanquished

Notes
Turn   | Place    | Note
-------+----------+-------------------------------------------
     0 | D        | kae the Draconian Transmuter began the quest for the Orb.
     0 | D        | Reached XP level 1. HP: 16/16 MP: 3/3
     1 | D        | Noticed a wyvern
     1 | D        | Noticed a wyvern
     6 | D        | HP: 1/24 [wyvern (7)]
     8 | D        | Killed a wyvern
     9 | D        | Reached skill level 5 in Fighting
     9 | D        | Reached skill level 5 in Unarmed Combat
     9 | D        | Reached XP level 2. HP: 3/29 MP: 2/7
     9 | D        | Reached XP level 3. HP: 4/36 MP: 2/9
     9 | D        | Reached XP level 4. HP: 5/42 MP: 2/10
     9 | D        | Reached XP level 5. HP: 6/48 MP: 2/11
    19 | D        | Killed Menkaure
    42 | D        | Learned a level 3 spell: Spider Form
    47 | D        | Learned a level 4 spell: Ice Form
   384 | D        | Killed a wyvern
   385 | D        | Reached skill level 5 in Dodging
   385 | D        | Reached skill level 5 in Spellcasting
   385 | D        | Reached skill level 5 in Transmutations
   385 | D        | Reached XP level 6. HP: 50/57 MP: 8/14
   476 | D        | Noticed a boulder beetle
   476 | D        | Noticed a boulder beetle
   495 | D        | Your scales start taking on a rich purple colour.
   495 | D        | Reached XP level 7. HP: 64/66 MP: 13/18
   573 | D        | Noticed a merfolk siren
   583 | D        | Killed a merfolk siren
   584 | D        | Reached skill level 5 in Ice Magic
   615 | D        | Reached XP level 8. HP: 75/75 MP: 14/20
   642 | D        | Found Mufecid's Armour Boutique.
   642 | D        | Found Opnyc's Antique Armour Shop.
   642 | D        | Noticed Kirke
   642 | D        | Noticed a kobold demonologist
   642 | D        | Noticed a skeletal warrior
   643 | D        | Noticed a yaktaur captain
   643 | D        | Found Qifuy's Magic Scroll Boutique.
   643 | D        | Found Jabboles's Distillery.
   643 | D        | Noticed a centaur warrior
   644 | D        | Found Sacu Zabb's General Store.
   644 | D        | Found Lewo's Antique Weapon Shop.
   644 | D        | Noticed an elephant
   673 | D        | Slain by Kirke

Illustrated notes

Levels and vault maps discovered:
D:        the_violet_keep_of_menkaure [sprint2_stairs_cluster_1,
          sprint2_shoproom, sprint2_temple, sprint2_basic_supplies,
          sprint2_obstacle_1, sprint2_obstacle_2, sprint2_obstacle_7,
          sprint2_obstacle_3, sprint2_obstacle_6, sprint2_timed_cluster_1,
          sprint2_smallroom_cluster_1, sprint2_smallroom_final_cluster_1,
          sprint2_transparent_cluster_1, sprint2_second_timed_cluster_1,
          sprint2_sniper_area_1, sprint2_heavy_combat_area_1,
          sprint2_mutation_trap_area_1, sprint2_forest_area_1,
          sprint2_light_combat_area_1, sprint2_behind_water_1,
          sprint2_near_end_vault_1]

Skill      XL: |  1  2  3  4  5  6  7 |
---------------+----------------------+-----
Fighting       | 5 6 7 8 |  8.5
Dodging        | 4 5 6 7 |  7.1
Unarmed Combat | 5 6 7 8 |  8.3
Spellcasting   | 4 5 7 8 |  8.6
Transmutations | 4 5 6 7 |  7.7
Ice Magic      | 2 4 5 |  5.8

Action                   |  1- 3 |  4- 6 |  7- 9 || total
-------------------------+-------+-------+-------++-------
Melee: Unarmed           |     3 |    18 |    21 ||    42
       Kick              |     2 |       |       ||     2
       Tailslap          |     1 |       |       ||     1
 Cast: Beastly Appendage |     1 |       |       ||     1
       Ice Form          |       |     2 |     2 ||     4
  Use: Potion            |     1 |       |     1 ||     2
 Stab: Sleeping          |       |     1 |       ||     1
Armor: Skin              |     2 |     4 |     5 ||    11
Dodge: Dodged            |       |     5 |    10 ||    15

Table legend: (Time is in decaauts)
 A = Elapsed time spent in this place.
 B = Non-inter-level travel time spent in this place.
 C = Inter-level travel time spent in this place.
 D = Time resting spent in this place.
 E = Time spent auto-exploring this place.
 F = Levels seen in this place.
 G = Mean time per level.
                   A        B        C        D        E       F      G
               +--------+--------+--------+--------+--------+-----+--------+
         Total |    668 |    668 |      0 |    520 |      4 |   1 |  668.0 |
       Dungeon |    668 |    668 |      0 |    520 |      4 |   1 |  668.0 |
               +--------+--------+--------+--------+--------+-----+--------+

Top non-repeatable levels by time:
       D: 668 daAuts
